 Dungeon Crawl Stone Soup version 0.31.0-9-g3a7656b989 (webtiles) character file.

Game seed: 12538808615724293221

402 qw the Shooter (level 6, -4/30 HPs)
             Began as a Spriggan Hunter on Feb 2, 2024.
             Slain by an iguana (13 damage)
             ... on level 4 of the Dungeon.
             The game lasted 00:00:11 (2586 turns).

qw the Shooter (Spriggan Hunter)                    Turns: 2586, Time: 00:00:11

Health: -4/30      AC:  5    Str:  7    XL:     6   Next: 55%
Magic:  7/7        EV: 21    Int: 10    God:
Gold:   143        SH:  0    Dex: 21    Spells: 5/5 levels left

rFire   . . .        h - +0 orcbow
rCold   . . .        (shield currently unavailable)
rNeg    . . .        c - +0 robe
rPois   .            (helmet restricted)
rElec   .            i - +2 cloak
rCorr   .            (gloves unavailable)
SInv    +            (boots unavailable)
Will    +....        (no amulet)
Stlth   ++           (no ring)
HPRegen 0.25/turn    (no ring)
MPRegen 0.10/turn

%: no passive effects
@: very quick
A: very small, no large weapons, unfitting armour, see invisible, speed 3
a: no special abilities


You were on level 4 of the Dungeon.
You visited 1 branch of the dungeon, and saw 4 of its levels.

You collected 143 gold pieces.


Innate Abilities, Weirdness & Mutations

You are very small and have problems with some larger weapons.
You are too small for most types of armour.
You have supernaturally acute eyesight. (SInv)
You cover ground extremely quickly. (Speed+++)


   Skills:
 - Level 2.1 Fighting
 + Level 6.5 Ranged Weapons
 - Level 6.1 Dodging
 - Level 1.5 Stealth


You had 5 spell levels left.
You didn't know any spells.
Your spell library was empty.

Inventory:

Hand Weapons
 h - a +0 orcbow (weapon)
Armour
 c - a +0 robe (worn)
 i - a +2 cloak (worn)
Scrolls
 l - a scroll of teleportation
Potions
 e - 2 potions of might
 f - 2 potions of curing
 g - a potion of cancellation {unknown}
 k - a potion of lignification {unknown}

Dungeon Overview and Level Annotations

Branches:
Dungeon (4/15)
 Temple: D:4-7

Altars:
Ru
Sif Muna
Yredelemnul

Annotations:
D:4 Grinder


Message History

You kill the iguana!
You start resting.
HP restored.
An iguana comes into view.
You shoot an arrow.
The arrow hits the iguana but does no damage.
The iguana hisses angrily.
You hear a shout!
Grinder comes into view.
You shoot an arrow. The arrow barely misses Grinder.
You shoot an arrow. The arrow hits Grinder.
Grinder is lightly wounded.
You shoot an arrow. The arrow hits Grinder.
Grinder is moderately wounded.
Grinder completely misses you. Grinder misses you.
You shoot an arrow. The arrow hits Grinder!
Grinder is heavily wounded.
Grinder says, "There's only one good use for a tongue: cutting it out."
Grinder barely misses you.
You shoot an arrow. The arrow closely misses Grinder.
The iguana completely misses you. Grinder misses you.
You shoot an arrow. The arrow barely misses Grinder.
The iguana bites you! Grinder closely misses you.
You shoot an arrow. The arrow closely misses Grinder.
The iguana bites you. Grinder completely misses you.
You shoot an arrow. The arrow hits Grinder.
Grinder is severely wounded.
The iguana misses you. Grinder gestures at you. Pain shoots through your body!
You shoot an arrow. The arrow hits Grinder!
Grinder is almost dead.
Grinder blinks!
The iguana misses you.
You shoot an arrow.
The arrow hits the iguana but does no damage.
The iguana bites you.
Grinder blinks!
The iguana misses you.
Grinder blinks!
You shoot an arrow. The arrow hits the iguana!
The iguana is almost dead.
The iguana bites you!
You die...

....... ##. ..... ..
..... #. ... #.# ...
### #.5 #.# ....#..###
#.###
¤........#####<..####.
......l@..............
.....¤...##..########.
#####.######.... #.
##..... # .###.. .# .
.# ##


You could see Grinder and an iguana.

Vanquished Creatures
  A scorpion (D:2)
  A hound (D:3)
  2 iguanas
  Terence (D:3)
  A sleepcap (D:3)
  An orc wizard (D:3)
  3 gnolls (D:3)
  8 adders
  3 ribbon worms
  A dart slug (D:1)
  9 orcs (D:3)
  9 ball pythons
  6 endoplasms
  A giant cockroach (D:1)
  3 hobgoblins
  4 jackals (D:3)
  4 kobolds
  2 quokkas (D:2)
  3 bats
  6 frilled lizards
  4 goblins
  6 rats
79 creatures vanquished.

Notes
Turn   | Place    | Note
-------+----------+-------------------------------------------
     0 | D:1      | qw the Spriggan Hunter began the quest for the Orb.
     0 | D:1      | Reached XP level 1. HP: 10/10 MP: 2/2
     0 | D:1      | 0 ||| qw: Version: 0.3-a-155-g5e7d8dd
     0 | D:1      | 0 ||| qw: Game counter: 540
     0 | D:1      | 0 ||| qw: Melee chars always use a shield: true
     0 | D:1      | 0 ||| qw: God list: Okawaru
     0 | D:1      | 0 ||| qw: Allow faded altars: false
     0 | D:1      | 0 ||| qw: Do Orc after clearing Dungeon:15 true
     0 | D:1      | 0 ||| qw: Do second Lair branch before Depths: true
     0 | D:1      | 0 ||| qw: Lair rune preference: random
     0 | D:1      | 0 ||| qw: Goals: Normal
     0 | D:1      | 0 ||| PLANNING D:1-11
   123 | D:1      | Reached skill level 3 in Dodging
   236 | D:1      | Reached XP level 2. HP: 14/14 MP: 3/3
   700 | D:1      | 700 ||| READING scroll labelled YLAUG NEMNO.
   701 | D:1      | 701 ||| READING scroll labelled OTODAPA MAFFU.
   701 | D:1      | 701 ||| ENCHANTING +0 shortbow.
   702 | D:1      | 702 ||| READING scroll labelled WUHURR FONIGHO.
   703 | D:1      | 703 ||| READING scroll labelled FISIRI FIJOT.
   704 | D:1      | 704 ||| READING scroll labelled IMALER VUIVVUF.
   707 | D:1      | 707 ||| READING scroll labelled FUINWEJABUS.
   708 | D:1      | 708 ||| READING scroll labelled HATUTAPRIET.
   708 | D:1      | 708 ||| IDENTIFYING purple potion
   709 | D:1      | 709 ||| DROPPING scroll of butterflies.
   821 | D:2      | Reached XP level 3. HP: 17/18 MP: 4/4
   958 | D:2      | Noticed a scorpion
   966 | D:2      | Killed a scorpion
   967 | D:2      | Reached XP level 4. HP: 13/22 MP: 5/5
  1130 | D:2      | Reached XP level 5. HP: 25/25 MP: 6/6
  1243 | D:2      | Found a faded altar of an unknown god.
  1309 | D:2      | 1309 ||| UPGRADING to +2 cloak.
  1314 | D:2      | 1314 ||| READING scroll labelled IFOVYPP GOCIUS.
  1315 | D:2      | 1315 ||| READING scroll labelled CIEHO OMMOMP.
  1315 | D:2      | 1315 ||| ENCHANTING +1 shortbow.
  1316 | D:2      | 1316 ||| DRINKING 2 bubbling amethyst potions.
  1317 | D:2      | 1317 ||| DRINKING 2 murky coppery potions.
  1405 | D:3      | 1405 ||| SWAPPING to +0 orcbow.
  1406 | D:3      | 1406 ||| DROPPING +1 shortbow.
  1467 | D:3      | HP: 6/26 [gnoll/+0 spear (4)]
  1468 | D:3      | 1468 ||| DRINKING potion of heal wounds.
  1592 | D:3      | Noticed Terence
  1600 | D:3      | Killed Terence
  1604 | D:3      | 1604 ||| FLEEEEING.
  1605 | D:3      | 1605 ||| FLEEEEING.
  1606 | D:3      | 1606 ||| FLEEEEING.
  1607 | D:3      | 1607 ||| FLEEEEING.
  1612 | D:3      | 1612 ||| FLEEEEING.
  1636 | D:3      | Reached skill level 6 in Ranged Weapons
  1658 | D:3      | 1658 ||| FLEEEEING.
  1835 | D:3      | Reached XP level 6. HP: 30/30 MP: 7/7
  2045 | D:3      | Reached skill level 6 in Dodging
  2122 | D:3      | Found a shimmering blue altar of Sif Muna.
  2122 | D:3      | Found a sacrificial altar of Ru.
  2196 | D:3      | Found a basalt altar of Yredelemnul.
  2341 | D:3      | 2341 ||| READING scroll of identify.
  2341 | D:3      | 2341 ||| IDENTIFYING brown potion
  2342 | D:3      | 2342 ||| READING scroll labelled HASIMU RAIR.
  2443 | D:3      | 2443 ||| READING 2 scrolls labelled LATUTO YGRU.
  2444 | D:3      | 2444 ||| DROPPING scroll of fog.
  2445 | D:3      | 2445 ||| DROPPING potion of attraction.
  2472 | D:4      | 2472 ||| STAIRDANCE
  2480 | D:4      | 2480 ||| STAIRDANCE
  2485 | D:4      | 2485 ||| STAIRDANCE
  2575 | D:4      | Noticed Grinder
  2586 | D:4      | Slain by an iguana

Levels and vault maps discovered:
D:1:      ncdulo_lavacross, layout_basic
D:2:      layout_rooms, serial_forest, infiniplex_forest_straight_5,
          infiniplex_forest_zigzag_1, infiniplex_forest_lined_2,
          infiniplex_forest_straight_2, infiniplex_forest_clump_C,
          infiniplex_forest_straight_2, shapermc_ecumenical_altar_mp_vishouse
D:3:      layout_basic, general_overflow_altar,
          gammafunk_temple_overflow_elements, uniq_terence
D:4:      minmay_clustersquares, layout_rooms, uniq_natasha, uniq_grinder

Skill      XL: |  1  2  3  4  5  6 |
---------------+-------------------+-----
Dodging        | 3 4 5 6 |  6.1
Ranged Weapons | 5 6 |  6.5
Fighting       | 2 |  2.1
Stealth        | |  1.5

Action                     |  1- 3 |  4- 6 || total
---------------------------+-------+-------++-------
   Fire: Shortbow          |    61 |    51 ||   112
         Orcbow            |       |   136 ||   136
    Use: Scroll            |     7 |     5 ||    12
         Potion            |       |     3 ||     3
 Armour: Robe              |     4 |    31 ||    35
  Dodge: Dodged            |     6 |   102 ||   108

Table legend:
 A = Non-vault XP
 B = Vault XP
 C = Vault XP percentage of total XP
 D = Non-vault monster count
 E = Vault monster count
 F = Vault count percentage of total count
                 A         B        C        D         E       F
            +---------+---------+-------+---------+---------+-------
      Total |     539 |      36 |   6.3 |      78 |       1 |   1.3
            +---------+---------+-------+---------+---------+-------
        D:1 |      16 |       0 |   0.0 |       9 |       0 |   0.0
        D:2 |     201 |       0 |   0.0 |      28 |       0 |   0.0
        D:3 |     286 |      36 |  11.2 |      40 |       1 |   2.4
        D:4 |      36 |       0 |   0.0 |       1 |       0 |   0.0
            +---------+---------+-------+---------+---------+-------
